Duran, chaotic male orcish Priest -------------- |............| ----- |............| |...| |.......<....| |....# -----.-------- |...|# ^ ## #-..@fo # #|...|## ### #----- # ### ### # # # ## # -----|---------# |.............|# |.............|# |.............-# --------------- Duran the Adept Experience level: 6 Strength: 11 Dexterity: 10 Constitution: 14 Intelligence: 10 Wisdom: 16 Charisma: 14 Health: 0(40) Energy: 73(73) Def: 2 Gold: 29 Moves: 3165 Dungeon seed: tvlwdQoFpIQhdVY2 Game ID: Duran_1520554134 Your Inventory: Coins $ - 29 gold pieces Weapons a - a blessed +1 mace (weapon in hand) Armor e - an uncursed +0 robe (being worn) n - an uncursed +0 orcish shield z - an uncursed +0 orcish helm Comestibles c - 2 uncursed cloves of garlic d - 2 uncursed sprigs of wolfsbane i - 4 uncursed food rations Scrolls l - a blessed scroll of identify u - a blessed scroll of fire v - a blessed scroll of enchant weapon w - a blessed scroll of create monster x - an uncursed scroll of magic mapping D - a blessed scroll of teleportation E - a blessed scroll of light F - a cursed scroll of identify L - an uncursed scroll of food detection Spellbooks G - an uncursed spellbook of slow monster Potions b - 4 potions of holy water o - an uncursed potion of gain ability p - an uncursed potion of booze r - an uncursed potion of enlightenment A - an uncursed potion of confusion M - an uncursed potion of extra healing Q - an uncursed potion of water Rings q - an uncursed ring of sustain ability (on left hand) s - a cursed -1 ring of adornment I - a cursed ring of sustain ability K - a cursed -1 ring of increase accuracy Wands C - an uncursed wand of sleep (0:0) J - an uncursed wand of digging (0:4) Tools h - an uncursed oil lamp (0:1440) k - an uncursed skeleton key y - an uncursed sack P - an uncursed can of grease (0:21) Contents of the sack: an uncursed +3 ring of increase damage Spells and supernatural/magical abilities: Name Level Category Fail Memory a - force bolt 1 attack 0% 99% m - magic missile 2 attack 30% 100% n - detect monsters 1 divination 0% 97% O - create monster 2 clerical 0% 97% W - pray for help -- divine ? -- X - turn undead -- divine ? -- Your skills at the end: Fighting Skills wands [Basic] Weapon Skills mace [Skilled] Spellcasting Skills clerical spells [Basic] Final Attributes: You were immune to poison. You had infravision. You had fixed abilities. You last prayed just now. You are dead. Vanquished creatures: a leprechaun a housecat a dust vortex a Woodland-elf 2 bugbears a mountain nymph a fog cloud 2 shriekers 3 gnome lords 3 gnomish wizards a gray ooze a straw golem a kobold lord a kobold shaman 2 hill orcs a rabid rat a centipede 3 giant bats a wererat a werejackal an acid blob a coyote a manes 5 hobgoblins 2 brown molds 2 gnomes 10 garter snakes 5 geckos 7 jackals 4 kobolds a goblin 2 sewer rats 8 grid bugs 2 bats 5 lichens 4 newts 89 creatures vanquished. Voluntary challenges: You had been an atheist until turn 3162. You used a wielded weapon 111 times, starting on turn 128. You read items or engraved 9 times, starting on turn 1271. You never genocided any monsters. You never polymorphed an object. You never changed form. You used no wishes. You never split a pudding. You never wrote Elbereth's name. You never violated your personal moral code. Dungeon overview: The Dungeons of Doom: levels 1 to 8 Level 1 a vault a long staircase Level 2 a general store, some fountains Level 3 Level 4 some fountains a long staircase Level 5 a fountain Level 6 some fountains Level 7 a scroll shop, a vault Level 8 <- You were here History has recorded: On T:1 you entered the Dungeons of Doom to retrieve the Amulet of Yendor! On T:248 you reached level 2 of The Dungeons of Doom. On T:523 you reached level 3 of The Dungeons of Doom. On T:583 you advanced to experience level 2. On T:910 you reached level 4 of The Dungeons of Doom. On T:941 you advanced to experience level 3. On T:1265 you reached level 5 of The Dungeons of Doom. On T:1345 you advanced to experience level 4. On T:1629 you reached level 6 of The Dungeons of Doom. On T:1865 you advanced to experience level 5. On T:2371 you advanced to experience level 6. On T:2540 you reached level 7 of The Dungeons of Doom. On T:3078 you reached level 8 of The Dungeons of Doom. Score breakdown: Gold: 29 ( 5024 points) Experience: 6 levels (12456 points) Exploration: 8 levels ( 17.39%) (11832 points) Discoveries: 3 items ( 1.04%) ( 3056 points) Valuables value: (no points given unless you survive) Artifact value: 0 ( 0 points) Variety of kills: 36 monsters ( 9.47%) ( 9233 points) Turncount: 3165 turns ( -679 points) Survival: died (score multiplied by 80%) Total score: 32737 Latest messages: You hit the jaguar! The jaguar hits! (2x) The jaguar bites! You hit the jaguar. The jaguar hits! (2x) The jaguar bites! The jaguar hits! (2x) The jaguar bites! You begin praying to Poseidon. You are surrounded by a shimmering light. The jaguar starts to attack you, but pulls back. (2x) The wererat starts to attack you, but pulls back. The jaguar starts to attack you, but pulls back. The wererat starts to attack you, but pulls back. You feel that Poseidon is well-pleased. [3 turns] The jaguar hits! (2x) The jaguar bites! You die... For some reason, you think that you can almost hear the Wizard laugh manically... Final status: Goodbye Duran the Priest, killed by a jaguar... You died in The Dungeons of Doom on dungeon level 8 with 32737 points, and 29 pieces of gold, after 3165 moves. You were level 6 with a maximum of 40 hit points when you died.